 Dungeon Crawl Stone Soup version 0.21.1-1-g345015f (webtiles) character file.

452 Mirai the Sneak (level 7, -7/54 HPs)
             Began as a Kobold Enchanter on May 3, 2018.
             Was a Follower of Okawaru.
             Killed by divine providence
             ... invoked by an orc priest
              (12 damage)
             ... on level 4 of the Dungeon.
             The game lasted 00:10:20 (3705 turns).

Mirai the Sneak (Kobold Enchanter)                  Turns: 3705, Time: 00:10:21

Health: -7/54      AC: 23    Str: 10 (11) XL:     7   Next: 26%
Magic:  3/13       EV:  3    Int: 13 (16) God:    Okawaru [*.....]
Gold:   173        SH:  0    Dex: 19 (20) Spells: 7/13 levels left

rFire    + . .     SeeInvis .   v - +1 dagger (venom)
rCold    + . .     Gourm    .   (shield restricted)
rNeg     + + +     Faith    .   (armour currently unavailable)
rPois    +         Spirit   .   (helmet currently unavailable)
rElec    +         Reflect  .   (cloak currently unavailable)
rCorr    +         Harm     .   (gloves currently unavailable)
MR       .....     NoTele   +   (boots currently unavailable)
Stlth    ++++......             (no amulet)
HPRegen  0.18/turn              l - +3 ring of dexterity
MPRegen  0.13/turn              (no ring)

@: mighty, tree-form (expiring), resistant, berserk cooldown, very slightly
contaminated, slowed, very slow
A: small, carnivore, high mp 1, MP-powered wands
a: Heroism, Renounce Religion


You were on level 4 of the Dungeon.
You worshipped Okawaru.
Okawaru was aware of your devotion.
You were full.
You were a tree.
You visited 1 branch of the dungeon, and saw 4 of its levels.

You collected 173 gold pieces.

Inventory:

Hand Weapons
 a - a +1 dagger
 s - a cursed -1 short sword
 v - a +1 dagger of venom (weapon)
Armour
 b - a +0 robe (melded)
 m - a +0 cloak (melded)
 t - a +0 pair of gloves (melded)
Jewellery
 l - a +3 ring of dexterity (left branch)
Wands
 B - a wand of scattershot (6)
Scrolls
 g - a scroll of enchant weapon {unknown}
 i - 4 scrolls of identify {unknown}
 o - 3 scrolls of remove curse {unknown}
 p - 2 scrolls of enchant armour {unknown}
 q - a scroll of amnesia {unknown}
 u - a scroll of fear {unknown}
 w - a scroll of teleportation {unknown}
 A - a scroll of random uselessness {unknown}
Potions
 e - a potion of lignification
Books
 c - a book of Maledictions

   Spells                             Type                      Level
   a - Corona                         Hexes                        1
   b - Ensorcelled Hibernation        Hexes/Ice                    2
   c - Confuse                        Hexes                        3
   d - Tukima's Dance                 Hexes                        3
   e - Dazzling Spray                 Conjuration/Hexes            3
 y - a book of Minor Magic

   Spells                             Type                      Level
   a - Magic Dart                     Conjuration                  1
   b - Blink                          Translocation                2
   c - Call Imp                       Summoning                    2
   d - Slow                           Hexes                        2
   e - Conjure Flame                  Conjuration/Fire             3
   f - Mephitic Cloud                 Conjuration/Poison/Air       3
Comestibles
 d - 5 rations


   Skills:
 + Level 3.9 Short Blades
 + Level 4.3 Dodging
 * Level 7.0 Stealth
 + Level 3.5 Spellcasting
 + Level 4.1 Hexes


You had 7 spell levels left.
You knew the following spells:

 Your Spells              Type           Power        Failure   Level  Hunger
a - Corona                Hex            ##.....      4%          1    #......
b - Ensorcelled Hibernat  Hex/Ice        #.....       14%         2    ##.....
c - Confuse               Hex            ##......     12%         3    ###....


Dungeon Overview and Level Annotations

Branches:
Dungeon (4/15)
 Temple: D:4-7

Altars:
Kikubaaqudgha
Okawaru
Sif Muna


Innate Abilities, Weirdness & Mutations

You are small and have problems with some larger weapons.
You are carnivorous and can eat meat at any time.
You have an increased reservoir of magic. (+10% MP)
You expend magic power (3 MP) to strengthen your wands.


Message History

It was a potion of resistance.
You feel protected. The orc hits you but does no damage.
The orc priest hits you but does no damage.
Unknown command.
The orc barely misses you.
The orc priest hits you but does no damage.
The orc hits you but does no damage.
The orc priest hits you but does no damage.
The orc hits you but does no damage.
The orc priest hits you but does no damage.
The orc hits you but does no damage.
The orc priest hits you but does no damage.
The orc hits you but does no damage.
The orc priest hits you but does no damage.
The orc hits you but does no damage.
Your transformation is almost over.
The orc priest invokes the aid of Beogh against you.
Beogh smites you!
You die...

#####. #........#
......##........##
..o..o.o...(.......
....oo!............
.....###...........
... #.....)..... .
#..#.#.#.###
###o.#.#..(..
#♣)..........
#)#o.#.#.#.##
######'#..#.#.#.#
#.........#.#.#
#..............
#.[.<.......#.
#.........###
#..........#
############


You could see an orc priest and an orc.

Vanquished Creatures
  The ghost of Tiareth the Conjurer, an amateur DECj (D:3)
  A scorpion (D:3)
  4 orc wizards
  An orc priest (D:3)
  Ijyb (D:4)
  3 adders
  A worm (D:2)
  3 dart slugs
  2 leopard geckos
  11 orcs
  5 giant cockroaches
  7 goblins
  9 hobgoblins
  5 jackals
  9 kobolds
  2 quokkas (D:2)
  A ball python (D:3)
  6 bats
  7 frilled lizards
  10 rats
89 creatures vanquished.

Notes
Turn   | Place    | Note
-------+----------+-------------------------------------------
     0 | D:1      | Mirai the Kobold Enchanter began the quest for the Orb.
     0 | D:1      | Reached XP level 1. HP: 10/10 MP: 3/3
    37 | D:1      | Found an iron altar of Okawaru.
   325 | D:1      | Became a worshipper of Warmaster Okawaru
   388 | D:1      | Reached XP level 2. HP: 15/15 MP: 5/5
   395 | D:1      | Learned a level 2 spell: Ensorcelled Hibernation
   630 | D:1      | Reached XP level 3. HP: 19/19 MP: 6/6
   786 | D:1      | Learned a level 3 spell: Confuse
  1313 | D:2      | Reached XP level 4. HP: 16/24 MP: 2/7
  1662 | D:2      | Reached skill level 5 in Stealth
  1940 | D:3      | Reached XP level 5. HP: 28/28 MP: 9/9
  1947 | D:3      | Noticed Tiareth's ghost (amateur DECj)
  2279 | D:3      | Killed Tiareth's ghost
  2279 | D:3      | Reached * piety under Okawaru
  2279 | D:3      | Reached skill level 6 in Stealth
  2279 | D:3      | Reached XP level 6. HP: 28/32 MP: 6/10
  2709 | D:3      | Found an ancient bone altar of Kikubaaqudgha.
  2918 | D:3      | Reached XP level 7. HP: 8/36 MP: 0/12
  3513 | D:3      | Found a deep blue altar of Sif Muna.
  3584 | D:4      | Noticed Ijyb
  3587 | D:4      | Killed Ijyb
  3673 | D:4      | Reached skill level 7 in Stealth
  3682 | D:4      | Gained mutation: You expend magic power (3 MP) to strengthen your wands. [potion of mutation]
  3682 | D:4      | Gained mutation: You have an increased reservoir of magic. (+10% MP) [potion of mutation]
  3689 | D:4      | HP: 2/54 [orc/whip (2)]
  3705 | D:4      | Killed from afar by an orc priest

Skill      XL: |  1  2  3  4  5  6  7 |
---------------+----------------------+-----
Short Blades   | 2 3 |  3.9
Dodging        | 3 4 |  4.3
Stealth        | 5 6 7 |  7.0
Spellcasting   | 3 |  3.5
Hexes          | 4 |  4.1

Action                   |  1- 3 |  4- 6 |  7- 9 || total
-------------------------+-------+-------+-------++-------
Melee: Dagger            |   147 |   148 |    14 ||   309
 Cast: Corona            |     8 |     1 |     2 ||    11
       Ensorcelled Hiber |     8 |    21 |    17 ||    46
       Confuse           |       |     4 |       ||     4
  Use: Potion            |       |       |    11 ||    11
 Stab: Sleeping          |    14 |    19 |     6 ||    39
       Confused          |       |     2 |       ||     2
  Eat: Chunk             |    10 |     7 |     1 ||    18
Armor: Robe              |    33 |    16 |     6 ||    55
       Skin              |       |       |    28 ||    28
Dodge: Dodged            |   130 |    88 |    37 ||   255
